Map: 2000 Atmospheres LE

Players

HeroMarine - Winner!

  • Race: Terran Terran
  • League: Grandmaster

Reynor

  • Race: Zerg Zerg
  • League: Master

Event: ASUS ROG Fall 2021

VOD

Have the link to the VOD?

Description

Time

  • Played on: Sept. 19, 2021, 9:47 a.m.
  • Length: 15:15

All games in this series

Show
View Real Time Build Order
Export as new Build Order

HeroMarine Terran - Winner!

Build Orders: Reaper Expand 

Get SALT Encoding   

  12  0:00  SCV  
  13  0:12  SCV  
  14  0:17  Supply Depot  
  14  0:24  SCV  
  15  0:38  SCV  
  15  0:39  Barracks  
  16  0:44  Refinery  
  16  0:50  SCV  
  17  1:02  SCV  
  18  1:15  SCV  
  19  1:27  Reaper, Orbital Command  
  20  1:39  Command Center  
  20  1:47  Supply Depot  
  20  1:52  SCV  
  21  1:58  Marine  
  22  2:04  SCV  
  22  2:07  Factory  
  23  2:16  SCV  
  23  2:21  Barracks Reactor  
  24  2:28  SCV  
  25  2:39  Command Center  
  25  2:40  SCV  
  26  2:52  Orbital Command  
  26  2:53  SCV  
  27  3:04  Hellion  
  27  3:05  SCV  
  30  3:06  Hellion  
  30  3:08  Barracks Tech Lab  
  32  3:17  SCV x2  
  34  3:25  Hellion  
  34  3:26  Marine  
  37  3:27  Hellion, Stimpack  
  37  3:31  SCV x2  
  41  3:38  Refinery  
  41  3:43  SCV x2  
  41  3:44  Marine  
  44  3:51  Barracks  
  44  3:53  Orbital Command  
  44  3:54  Barracks  
  44  3:55  SCV  
  45  3:57  Factory Reactor  
  45  3:58  SCV  
  45  4:02  Marine  
  47  4:07  SCV  
  48  4:10  SCV  
  48  4:14  Supply Depot  
  48  4:17  Orbital Command  
  49  4:18  Refinery, Engineering Bay x2  
  49  4:19  SCV  
  49  4:22  SCV  
  51  4:24  Marine  
  52  4:31  SCV  
  52  4:32  Supply Depot  
  52  4:34  SCV  
  52  4:38  Refinery  
  54  4:41  Starport, Factory Reactor  
  54  4:43  SCV  
  54  4:44  Terran Infantry Armor Level 1  
  55  4:46  SCV  
  55  4:51  SCV  
  55  4:52  Marine x5  
  60  4:55  SCV  
  60  4:58  Supply Depot, Terran Infantry Weapons Level 1, SCV  
  64  5:04  SCV  
  65  5:07  SCV  
  65  5:10  Marine x2, SCV  
  69  5:14  Supply Depot  
  69  5:16  Marine x3, SCV  
  69  5:18  Combat Shield  
  69  5:20  SCV  
  74  5:22  SCV  
  74  5:26  Medivac  
  74  5:27  Medivac, Factory Tech Lab  
  74  5:28  SCV  
  80  5:31  Marine  
  80  5:32  SCV  
  80  5:34  Marine x2  
  80  5:35  SCV  
  85  5:36  Marine  
  85  5:40  SCV  
  85  5:41  Marine, Supply Depot  
  88  5:45  SCV  
  88  5:47  Supply Depot  
  88  5:49  Siege Tank  
  92  5:50  SCV  
  93  5:57  Supply Depot  
  93  5:58  Supply Depot  
  93  6:02  SCV, Medivac x2  
  98  6:04  Marine x3  
  98  6:08  Marine x2, Supply Depot  
  104  6:11  SCV x2  
  104  6:14  SCV  
  104  6:17  Armory  
  106  6:25  SCV x2  
  99  6:26  SCV  
  99  6:29  Marine x3  
  99  6:30  Marine x2, Siege Tank  
  108  6:37  SCV x2  
  108  6:38  SCV  
  111  6:43  Medivac x2  
  115  6:47  Marine x3  
  115  6:49  SCV  
  115  6:51  Marine  
  115  6:52  Marine, Barracks  
  115  6:53  Barracks  
  108  7:04  Siege Tank  
  108  7:05  Marine x3  
  112  7:09  Marine  
  112  7:10  Marine  
  110  7:16  Liberator x2  
  110  7:21  SCV x2  
  118  7:23  Marine x3  
  118  7:27  Marine  
  123  7:37  Marine  
  123  7:39  Supply Depot  
  123  7:40  Marine  
  123  7:41  Marine, Supply Depot, Barracks Reactor x2  
  123  7:43  Supply Depot  
  125  7:53  Marine x2, Siege Tank  
  125  7:55  Marine  
  121  7:58  Marine x2  
  121  8:02  Liberator  
  121  8:03  Liberator  
  129  8:10  Supply Depot x2  
  129  8:11  Marine x2  
  131  8:13  Marine  
  131  8:16  Marine x2  
  131  8:17  Terran Infantry Weapons Level 2  
  134  8:20  Marine x2  
  134  8:23  Marine x2  
  138  8:28  Marine x2  
  138  8:29  Widow Mine, Drilling Claws  
  138  8:31  Marine  
  138  8:34  Refinery, Marine x2  
  143  8:38  Marine x2  
  143  8:40  Marine  
  143  8:41  Marine  
  147  8:44  Factory  
  147  8:46  Marine x2  
  149  8:49  Marine  
  149  8:52  Marine x2  
  149  8:54  SCV x2  
  149  8:55  SCV  
  146  8:56  Marine x2  
  146  8:58  Marine x2  
  146  8:59  Widow Mine  
  146  9:00  Medivac  
  146  9:01  Medivac  
  156  9:04  Marine x2  
  156  9:06  Marine, SCV  
  156  9:09  Marine  
  160  9:10  Marine  
  160  9:13  Marine  
  160  9:14  Marine  
  160  9:16  Marine x2  
  165  9:23  Marine  
  165  9:27  Marine x4, Widow Mine  
  165  9:30  Command Center  
  171  9:31  Marine x2  
  173  9:40  Marine  
  173  9:41  Marine  
  173  9:42  Marine, Liberator  
  173  9:45  Marine x3  
  173  9:47  Liberator  
  173  9:48  Marine  
  173  9:50  Marine x2, Factory Reactor  
  170  9:54  Widow Mine  
  170  9:57  Marine  
  170  9:58  Marine  
  170  9:59  Marine  
  167  10:03  Marine x3  
  167  10:05  Marine  
  171  10:07  Marine  
  171  10:08  Marine  
  172  10:15  Marine  
  172  10:16  Marine  
  172  10:17  Marine  
  172  10:21  Marine x3  
  163  10:23  Marine  
  163  10:25  Marine x2, Liberator  
  163  10:27  Terran Infantry Armor Level 2  
  169  10:29  Liberator  
  169  10:33  Marine  
  169  10:34  Marine  
  169  10:35  Marine  
  173  10:39  Marine  
  173  10:41  Marine x3  
  176  10:43  Marine x2  
  176  10:44  Widow Mine x2  
  176  10:46  SCV x2  
  176  10:47  SCV  
  167  10:51  Marine, Widow Mine  
  167  10:52  Marine  
  167  10:53  Marine  
  167  10:57  Marine  
  140  10:58  SCV  
  140  10:59  Marine x3  
  140  11:00  SCV  
  140  11:01  Marine x2  
  140  11:03  SCV  
  138  11:06  Widow Mine  
  138  11:09  Marine  
  138  11:10  SCV  
  135  11:13  Medivac  
  135  11:16  SCV  
  132  11:19  Planetary Fortress  
  132  11:20  SCV  
  132  11:23  SCV  
  133  11:28  SCV  
  133  11:30  Widow Mine x2  
  133  11:31  Widow Mine  
  133  11:32  SCV  
  141  11:35  SCV  
  141  11:39  Marine  
  142  11:40  Marine, SCV  
  142  11:41  Terran Infantry Weapons Level 3  
  142  11:43  Marine x3  
  142  11:44  SCV  
  142  11:45  Marine x2  
  151  11:47  Marine  
  151  11:48  SCV  
  151  11:50  Marine  
  154  11:55  Widow Mine x2  
  154  11:57  Marine x2  
  154  11:58  Widow Mine  
  154  12:01  Marine x3  
  161  12:07  Marine x3, Sensor Tower  
  161  12:08  Marine  
  165  12:10  Medivac  
  167  12:16  Widow Mine  
  167  12:20  Marine x2  
  168  12:23  SCV x4  
  168  12:28  Marine x2  
  171  12:30  Marine x3  
  171  12:32  Marine x2, Widow Mine x2  
  171  12:35  SCV  
  181  12:38  Marine x2, Widow Mine  
  185  12:46  Marine x2  
  187  12:57  Marine x2  
  175  12:59  Marine  
  175  13:02  Marine x2  
  175  13:03  Marine x2  
  175  13:04  Widow Mine x2  
  184  13:06  Marine  
  184  13:07  Marine  
  172  13:15  Marine x2, Widow Mine  
  172  13:17  Marine  
  171  13:20  Marine x3  
  171  13:21  Marine  
  171  13:24  Marine  
  171  13:25  Marine, Widow Mine x2  
  181  13:33  Marine x2  
  183  13:35  Marine  
  183  13:37  Widow Mine  
  183  13:38  Marine x2  
  188  13:44  Marine x2  
  188  13:46  Marine x2  
  188  13:47  Widow Mine x2  
  178  13:50  Marine, Medivac x2  
  178  13:51  Marine  
  178  13:53  Marine  
  177  13:56  Marine x2  
  177  13:58  Widow Mine  
  177  14:02  Marine x2  
  183  14:04  Marine x2  
  183  14:08  Marine  
  183  14:09  Widow Mine  
  188  14:14  Marine x4, Widow Mine  
  194  14:20  Marine x2, Widow Mine  
  196  14:25  Marine, Medivac  
  196  14:27  Marine x2  
  195  14:31  Marine  
  196  14:38  Supply Depot  
  196  14:41  Orbital Command  
  196  14:42  Command Center  
  196  14:49  Marine x2  
  196  14:55  Marine x2  
  196  14:56  Marine x2  
Show
View Real Time Build Order
Export as new Build Order

Reynor Zerg 

Build Orders: Hatch First 

Get SALT Encoding   

  12  0:00  Drone  
  13  0:11  Overlord  
  13  0:16  Drone  
  14  0:30  Drone x2  
  16  0:48  Hatchery  
  15  0:50  Drone  
  15  0:54  Drone  
  17  0:57  Drone  
  18  1:08  Extractor  
  17  1:12  Spawning Pool  
  17  1:15  Drone  
  17  1:18  Drone  
  18  1:27  Drone  
  19  1:37  Drone  
  20  1:48  Overlord  
  20  1:59  Queen x2  
  20  2:00  Zergling x4  
  26  2:10  Drone  
  26  2:11  Drone  
  28  2:21  Drone x2  
  30  2:26  Metabolic Boost  
  30  2:29  Spore Crawler  
  30  2:38  Hatchery  
  30  2:39  Drone x2  
  31  2:45  Queen  
  31  2:50  Overlord  
  33  2:53  Drone  
  33  2:55  Drone  
  35  2:58  Drone  
  36  3:10  Drone x5  
  41  3:15  Overlord  
  41  3:24  Queen  
  41  3:26  Drone  
  44  3:29  Overlord  
  44  3:34  Queen, Drone  
  45  3:38  Drone  
  48  3:43  Drone x3  
  48  3:46  Zergling x2  
  48  3:48  Zergling x2  
  53  3:50  Queen  
  53  3:51  Zergling x2  
  53  3:55  Overlord  
  56  3:57  Drone x3  
  56  3:59  Drone  
  56  4:01  Drone  
  61  4:05  Baneling Nest  
  61  4:07  Overlord  
  60  4:15  Zergling x4  
  62  4:17  Extractor  
  62  4:21  Drone  
  62  4:24  Drone x2  
  64  4:25  Lair  
  64  4:26  Queen  
  64  4:28  Drone  
  64  4:31  Drone x3, Overlord  
  67  4:33  Drone  
  67  4:35  Drone x2  
  67  4:37  Drone  
  74  4:41  Overlord  
  74  4:50  Drone  
  74  4:51  Drone x4  
  79  4:55  Drone  
  79  4:56  Drone  
  81  5:06  Drone  
  81  5:07  Drone x3  
  83  5:09  Drone x4  
  83  5:10  Hatchery  
  83  5:11  Extractor x2, Evolution Chamber  
  83  5:12  Extractor  
  83  5:13  Evolution Chamber, Overlord  
  83  5:19  Zergling x2  
  85  5:21  Zergling x4  
  85  5:23  Zergling x6  
  85  5:24  Centrifical Hooks  
  85  5:26  Drone  
  90  5:31  Zergling x6  
  90  5:33  Zergling x4  
  93  5:40  Zergling x8  
  93  5:42  Baneling x6  
  95  5:49  Drone x2  
  97  5:53  Spore Crawler x2, Baneling x4  
  97  5:54  Zergling x4  
  97  5:59  Overlord  
  97  6:01  Zerg Ground Armor Level 1  
  97  6:05  Overlord  
  97  6:09  Overlord  
  97  6:17  Drone x3  
  97  6:18  Drone x4  
  104  6:21  Overlord  
  104  6:25  Drone x4  
  101  6:27  Queen  
  101  6:28  Zergling x6  
  101  6:32  Zergling x2, Zerg Melee Weapons Level 1  
  107  6:35  Baneling x5, Hatchery  
  107  6:36  Zergling x6  
  109  6:40  Zergling x2  
  109  6:42  Zergling x6  
  109  6:43  Pneumatized Carapace  
  109  6:45  Zergling x4  
  114  6:47  Zergling x2  
  114  6:52  Zergling x2  
  114  6:53  Baneling x7  
  116  6:54  Baneling x9  
  116  6:55  Zergling x4  
  113  7:02  Zergling x8  
  113  7:03  Zergling x8  
  116  7:14  Zergling x12  
  116  7:15  Zergling x4  
  116  7:16  Burrow  
  116  7:22  Overlord  
  115  7:23  Zergling x6  
  115  7:29  Zergling x8  
  119  7:30  Baneling x11  
  119  7:33  Zergling x10  
  124  7:37  Zergling x2  
  124  7:41  Zergling x6  
  127  7:45  Queen  
  127  7:47  Zergling x4  
  130  7:53  Zergling x4  
  130  7:58  Zergling x10  
  126  8:00  Zerg Ground Armor Level 2  
  126  8:02  Zergling x2  
  126  8:03  Zergling x6  
  129  8:05  Baneling x3  
  129  8:06  Baneling x11  
  129  8:08  Zergling x2  
  129  8:09  Drone x6  
  129  8:12  Zergling x2  
  137  8:13  Zergling x4  
  137  8:16  Zergling x2  
  140  8:20  Zergling x2  
  140  8:21  Hatchery  
  140  8:24  Zergling x4  
  140  8:26  Overlord x2  
  142  8:32  Overlord  
  140  8:35  Zergling x2  
  140  8:36  Zergling x2  
  140  8:38  Overlord  
  140  8:45  Zergling x2  
  140  8:46  Zergling x24  
  140  8:47  Queen  
  155  8:51  Zergling x2  
  155  8:52  Zergling x4  
  153  8:57  Zergling x2  
  153  8:58  Zergling x6  
  153  8:59  Zergling x4, Queen  
  153  9:02  Zergling x6  
  158  9:12  Zergling x20  
  158  9:14  Zergling x2  
  158  9:16  Queen  
  163  9:18  Baneling x8  
  163  9:19  Zergling x4  
  163  9:20  Baneling x3  
  163  9:22  Zergling x8  
  164  9:25  Baneling x5  
  164  9:30  Drone x7  
  170  9:33  Queen  
  170  9:35  Zergling x4  
  172  9:41  Queen, Drone x3  
  172  9:45  Zergling x6  
  159  9:49  Zergling x2  
  159  9:52  Zergling x4  
  155  9:53  Queen  
  155  9:59  Zergling x12  
  157  10:05  Zergling x6  
  157  10:06  Zergling x4  
  157  10:07  Zergling x4, Spore Crawler  
  154  10:17  Queen  
  154  10:20  Zergling x24  
  160  10:26  Zergling x2  
  151  10:32  Baneling x8  
  151  10:33  Zergling x10  
  147  10:36  Baneling x5  
  147  10:37  Zergling x2  
  142  10:43  Zergling x20  
  142  10:48  Zergling x8  
  143  10:52  Zergling x6  
  143  10:55  Zergling x4  
  143  10:56  Baneling x2  
  129  11:00  Zergling x2  
  129  11:02  Zergling x6  
  129  11:03  Zergling x2  
  118  11:18  Hatchery  
  116  11:19  Drone x4  
  116  11:20  Drone x5  
  116  11:22  Zergling x2  
  116  11:23  Zergling x2  
  116  11:24  Queen  
  128  11:30  Hatchery, Infestation Pit  
  128  11:32  Zergling x6  
  129  11:33  Zergling x2  
  129  11:34  Spore Crawler  
  129  11:35  Overseer  
  129  11:37  Zergling x4  
  129  11:38  Zergling x4  
  133  11:42  Baneling x7  
  133  11:44  Zergling x4  
  133  11:46  Zergling x4  
  137  11:50  Queen  
  137  11:51  Queen  
  140  11:55  Zergling x8  
  143  12:11  Queen  
  143  12:12  Queen, Hive  
  147  12:15  Drone  
  147  12:16  Drone x9  
  147  12:22  Baneling x6  
  149  12:25  Drone x3  
  149  12:29  Zergling x12  
  151  12:36  Baneling x2  
  150  12:39  Zergling x16  
  150  12:41  Baneling x2  
  150  12:42  Zergling x2  
  150  12:43  Zergling x2  
  160  12:45  Baneling x3  
  160  12:49  Zergling x8  
  160  12:53  Zergling x12  
  160  12:58  Zergling x4  
  151  13:02  Baneling x6  
  151  13:04  Zergling x8  
  153  13:10  Zergling x4  
  153  13:11  Zergling x2  
  153  13:12  Overseer  
  143  13:14  Baneling x7  
  143  13:19  Baneling x2  
  133  13:20  Zergling x6  
  133  13:21  Zergling x10  
  133  13:25  Viper x4  
  150  13:28  Zergling x4  
  152  13:37  Zergling x8  
  152  13:38  Zergling x4  
  152  13:39  Baneling x12  
  153  13:47  Zergling x2  
  153  13:48  Zergling x10  
  133  13:49  Zergling x2  
  133  13:53  Zergling x4, Queen  
  133  13:54  Zergling x4  
  135  13:59  Zergling x4  
  135  14:00  Spawning Pool  
  115  14:34  Ultralisk Cavern  
  115  14:35  Baneling x8  
  115  14:36  Drone x8  
  115  14:37  Drone  
  115  14:42  Overseer  
  115  14:46  Extractor  
  115  14:48  Extractor  
  115  14:51  Zergling x34  
  125  14:55  Baneling x3  
Tags
 
Add a new tag
Caveats
  • Supply blocks, unpowered buildings, or Contaminate may cause inaccurate times.
  • Supply counts are checked every 10 seconds.